 Dungeon Sprint DCSS version 0.30-a0-860-g512cf1e979 (webtiles) character file.

Game seed: 4024313426360461425

296 fozzywoppz the Blocker (level 6, -10/67 HPs)
             Began as a Gargoyle Fighter on Mar 7, 2023.
             Was an Initiate of Makhleb.
             Killed from afar by an acid dragon (24 damage)
             ... with a splash of acid
             ... in the Dungeon (Sprint IX: "|||||||||||||||||||||||||||||").
             The game lasted 00:02:14 (224 turns).

fozzywoppz the Blocker (Gargoyle Fighter)            Turns: 224, Time: 00:02:14

Health: -10/67     AC: 13    Str: 23    XL:     6   Next: 35%
Magic:  6/6        EV:  7    Int: 11    God:    Makhleb [......]
Gold:   0          SH:  6    Dex: 11    Spells: 5/5 levels left

rFire   . . .      SeeInvis .      - Unarmed
rCold   . . .      Faith    .    b - +0 buckler
rNeg    + . .      Spirit   .    o - +1 chain mail
rPois   ∞          Reflect  .    n - +0 helmet
rElec   +          Rampage  .    (no cloak)
rCorr   .          NoTele   +    m - +0 pair of gloves
Will    .....                    (no boots) Stlth
                                 (no amulet)
HPRegen 0.31/turn                l - +3 ring of strength
MPRegen 0.10/turn                k - +3 ring of intelligence

@: berserking, corroded, very quick
A: sickness immunity, AC +4, negative energy resistance 1, electricity
resistance, torment resistance 1, petrification resistance
a: Renounce Religion


You were in the Dungeon.
You worshipped Makhleb.
Makhleb was noncommittal.
You visited 1 branch

Inventory:

Hand Weapons
 p - a +1 heavy broad axe
Armour
 a - a +0 scale mail
 b - a +0 buckler (worn)
 m - a +0 pair of gloves (worn)
 n - a +0 helmet (worn)
 o - a +1 chain mail (worn)
Jewellery
 k - a +3 ring of intelligence (right hand)
 l - a +3 ring of strength (left hand)
Wands
 j - a wand of roots (9)
Scrolls
 f - 2 scrolls of amnesia
 i - 2 scrolls of blinking
Potions
 c - a potion of invisibility
 d - 5 potions of curing
 e - 3 potions of heal wounds
 g - 4 potions of magic


   Skills:
 + Level 8.5 Fighting
 - Level 5.0 Armour
 + Level 0.0 Dodging
 + Level 8.5 Shields
 + Level 7.4 Unarmed Combat


You had 5 spell levels left.
You didn't know any spells.
Your spell library was empty.

Dungeon Overview and Level Annotations

Branches:
Dungeon (1/1)

Altars:
Cheibriados
Dithmenos
Elyvilon
Fedhas
Gozag
Hepliaklqana
Kikubaaqudgha
Makhleb
Nemelex Xobeh
Okawaru
Qazlal
Ru
Sif Muna
Trog
Uskayaw
Vehumet
Wu Jian
Xom
Yredelemnul
Zin
The Shining One
Jiyva
Lugonu


Innate Abilities, Weirdness & Mutations

You are immune to sickness and miasma.
Your stone body is resilient. (AC +4)
You are immune to poison.
You resist negative energy. (rN+)
You are resistant to electric shocks. (rElec)
You are resistant to unholy torment.
You are immune to petrification.


Message History

A red film seems to cover your vision as you go berserk!
You feel yourself moving faster!
You feel mighty! You block the acid dragon's attack. x2
You hit the acid dragon.
The acid dragon is lightly wounded.
The acid dragon bites you.
The acid dragon claws you but does no damage.
You hit the acid dragon but do no damage.
The acid dragon is lightly wounded.
The acid dragon spits acid at you. The splash of acid hits you!
* * * LOW HITPOINT WARNING * * *
You barely miss the acid dragon.
The acid dragon is lightly wounded.
You completely miss the acid dragon.
The acid dragon is lightly wounded.
You block the acid dragon's attack.
The acid dragon claws you but does no damage.
You hit the acid dragon.
The acid dragon is lightly wounded.
The acid dragon bites you.
* * * LOW HITPOINT WARNING * * *
The acid dragon claws you.
* * * LOW HITPOINT WARNING * * *
You closely miss the acid dragon.
The acid dragon is lightly wounded.
The howler monkey hoots and howls with incredible vigour!
You hear a shout!
You hear a deafening roar!
You barely miss the acid dragon.
The acid dragon is lightly wounded.
The acid dragon barely misses you.
The acid dragon claws you but does no damage.
Unknown command.
You closely miss the acid dragon.
The acid dragon is lightly wounded.
You punch the acid dragon!
The acid dragon is moderately wounded.
The acid dragon spits acid at you. The splash of acid hits you!!
You die...

▓.▓
▓)▓
▓.▓
▓.▓
▓.▓
▓.▓
▓.▓
▓.▓
▓@▓
▓D▓
▓{▓
▓l▓
▓h▓
▓.▓
▓.▓
▓+▓


You could see a wyvern, an acid dragon (catching breath) and a howler monkey.

Vanquished Creatures
  A black bear (D)
  A centaur (D)
  A phantom (D)
  A hound (D)
  2 adders (D)
  3 goblins (D)
  A hobgoblin (D)
  A kobold (D)
11 creatures vanquished.

Vanquished Creatures (others)
  A vampire (D)
1 creature vanquished.

Grand Total: 12 creatures vanquished

Notes
Turn   | Place    | Note
-------+----------+-------------------------------------------
     0 | D        | fozzywoppz the Gargoyle Fighter began the quest for the
                  | Orb.
     0 | D        | Reached XP level 1. HP: 14/14 MP: 1/1
    24 | D        | Reached XP level 2. HP: 18/20 MP: 2/2
    32 | D        | Noticed a black bear
    32 | D        | Noticed a phantom
    52 | D        | Reached skill level 5 in Fighting
    52 | D        | Reached skill level 5 in Armour
    52 | D        | Reached skill level 5 in Shields
    52 | D        | Reached XP level 3. HP: 11/26 MP: 3/3
    59 | D        | Killed a black bear
    60 | D        | Reached skill level 5 in Unarmed Combat
    60 | D        | Reached XP level 4. HP: 10/32 MP: 4/4
    60 | D        | Reached XP level 5. HP: 11/37 MP: 5/5
    69 | D        | Killed a phantom
    79 | D        | Found a snail-covered altar of Cheibriados.
    79 | D        | Found a shadowy altar of Dithmenos.
    79 | D        | Found a white marble altar of Elyvilon.
    79 | D        | Found a blossoming altar of Fedhas.
    79 | D        | Found an opulent altar of Gozag.
    80 | D        | Found a hazy altar of Hepliaklqana.
    81 | D        | Found a viscous altar of Jiyva.
    82 | D        | Found an ancient bone altar of Kikubaaqudgha.
    83 | D        | Found a corrupted altar of Lugonu.
    84 | D        | Found a burning altar of Makhleb.
    85 | D        | Found a sparkling altar of Nemelex Xobeh.
    86 | D        | Found an iron altar of Okawaru.
    87 | D        | Found a stormy altar of Qazlal.
    88 | D        | Found a sacrificial altar of Ru.
    89 | D        | Found a shimmering blue altar of Sif Muna.
    90 | D        | Found a bloodstained altar of Trog.
    91 | D        | Found a hide-covered altar of Uskayaw.
    92 | D        | Found a radiant altar of Vehumet.
    93 | D        | Found an ornate altar of the Wu Jian Council.
    94 | D        | Found a shimmering altar of Xom.
    95 | D        | Found a basalt altar of Yredelemnul.
    96 | D        | Found a glowing silver altar of Zin.
    97 | D        | Found a glowing golden altar of the Shining One.
   176 | D        | Became a worshipper of Makhleb the Destroyer
   200 | D        | Noticed a centaur
   200 | D        | Noticed a vampire
   200 | D        | Noticed an acid dragon
   200 | D        | Noticed a shadow
   200 | D        | Noticed a wyvern
   204 | D        | Killed a centaur
   205 | D        | Reached XP level 6. HP: 43/45 MP: 6/6
   207 | D        | Killed a vampire
   224 | D        | Killed from afar by an acid dragon

Illustrated notes

Levels and vault maps discovered:
D:        linesprint [early_d, line_temple, items_1, d_10, items_2, lair_1,
          lair_end, items_3, orc_1, orc_end, items_4, d_15, swamp_1, shoals_1,
          snake_1, spider_1, d_20, vaults_1, items_5, swamp_end, shoals_end,
          snake_end, spider_end, vaults_end, d_27, items_6, zot_1, zot_end,
          crypt_end, forest_end, elf_end, slime_end, tomb_end, abyss_end,
          pan_hell_end]

Skill      XL: |  1  2  3  4  5 |
---------------+----------------+-----
Fighting       | 5 6 8 |  8.5
Armour         | 5 |  5.0
Shields        | 5 6 8 |  8.5
Unarmed Combat | 4 5 7 |  7.4

Action                     |  1- 3 |  4- 6 || total
---------------------------+-------+-------++-------
  Melee: Unarmed           |    45 |    30 ||    75
  Evoke: Wand              |       |     1 ||     1
    Use: Potion            |     2 |     1 ||     3
 Armour: Scale mail        |    21 |     1 ||    22
         Chain mail        |       |    15 ||    15
  Dodge: Dodged            |    15 |     5 ||    20
  Block: Buckler           |     7 |     7 ||    14

Table legend: (Time is in decaauts)
 A = Elapsed time spent in this place.
 B = Non-inter-level travel time spent in this place.
 C = Inter-level travel time spent in this place.
 D = Time resting spent in this place.
 E = Time spent auto-exploring this place.
 F = Levels seen in this place.
 G = Mean time per level.
                   A        B        C        D        E       F      G
               +--------+--------+--------+--------+--------+-----+--------+
         Total |    198 |    198 |      0 |      0 |      0 |   1 |  198.0 |
       Dungeon |    198 |    198 |      0 |      0 |      0 |   1 |  198.0 |
               +--------+--------+--------+--------+--------+-----+--------+

Top non-repeatable levels by time:
       D: 198 daAuts
